[ AOE2 MATCH · #458778873 ]
UnrankedPortuguese vs Franks
Player's team · LOSS
[ REPLAY ANALYSIS · EXTRACTED FROM THE RECORDED GAME ]
Feudal
38:29
Castle
—
Imperial
—
| APM avg | 2.7 |
| APM peak | 16 |
| eAPM avg | 2.5 |
| Villagers / military | 30 / 4 |
Focus
⚔️ 18.3% · 🌾 81.7%
Militia ×4
Feudal
—
Castle
—
Imperial
—
| APM avg | 37.4 |
| APM peak | 124 |
| eAPM avg | 19.9 |
| Villagers / military | 95 / 70 |
Focus
⚔️ 23.0% · 🌾 77.0%
Knight ×34 · Archer ×27 · Mangonel ×9
Feudal
12:20
Castle
22:45
Imperial
34:08
| APM avg | 16.3 |
| APM peak | 48 |
| eAPM avg | 9.8 |
| Villagers / military | 80 / 134 |
Focus
⚔️ 43.7% · 🌾 56.3%
Spearman ×71 · Skirmisher ×53 · Bombard Cannon ×5 · Trebuchet (Packed) ×3 · Monk ×1 · Rattan Archer ×1
Feudal
11:37
Castle
25:18
Imperial
46:28
| APM avg | 7.1 |
| APM peak | 20 |
| eAPM avg | 5.1 |
| Villagers / military | 34 / 29 |
Focus
⚔️ 27.5% · 🌾 72.5%
Huskarl ×20 · Militia ×8 · Monk ×1
Feudal
—
Castle
—
Imperial
—
| APM avg | 20.2 |
| APM peak | 57 |
| eAPM avg | 12.5 |
| Villagers / military | 116 / 78 |
Focus
⚔️ 22.7% · 🌾 77.3%
Archer ×40 · Knight ×33 · Trade Cart ×13 · Spearman ×5
Feudal
12:02
Castle
23:49
Imperial
38:39
| APM avg | 11.1 |
| APM peak | 44 |
| eAPM avg | 7.1 |
| Villagers / military | 76 / 67 |
Focus
⚔️ 22.6% · 🌾 77.4%
Tarkan ×61 · Knight ×5 · Scout Cavalry ×1
Feudal
11:40
Castle
22:16
Imperial
36:21
| APM avg | 13.7 |
| APM peak | 40 |
| eAPM avg | 11.1 |
| Villagers / military | 111 / 104 |
Focus
⚔️ 30.4% · 🌾 69.6%
Hussite Wagon ×87 · Trade Cart ×14 · Spearman ×9 · Bombard Cannon ×8
Feudal
10:57
Castle
31:37
Imperial
48:02
| APM avg | 14.7 |
| APM peak | 32 |
| eAPM avg | 11.4 |
| Villagers / military | 97 / 32 |
Focus
⚔️ 39.6% · 🌾 60.4%
Unknown (2550) ×56 · Petard ×27 · Unknown (2562) ×26 · Unknown (2586) ×14 · Trade Cart ×4 · Battering Ram ×3
Match map
Initial resources + every placement click. Lines = walls · curves = elevation contours. ◆ gold · ⬟ stone · ● berries · ✦ relic · ◌ wall gap
Inputs per minute
— Manhole - - The Dude#3043
Build order — Manhole
54 actions detected in the replay
| 0:15 | Build | House |
| 0:25 | Research | Loom |
| 0:26 | Create | Villager (Male) |
| 0:26 | Create | Villager (Male) |
| 0:26 | Create | Villager (Male) |
| 0:27 | Create | Villager (Male) |
| 0:59 | Build | House |
| 2:16 | Build | Mining Camp |
| 2:37 | Build | Mining Camp |
| 3:32 | Create | Villager (Male) |
| 3:32 | Create | Villager (Male) |
| 5:09 | Create | Villager (Male) |
| 5:10 | Create | Villager (Male) |
| 5:41 | Build | Mining Camp |
| 6:03 | Create | Villager (Male) |
| 6:04 | Create | Villager (Male) |
| 6:53 | Build | Lumber Camp |
| 12:33 | Create | Villager (Male) |
| 12:33 | Create | Villager (Male) |
| 13:10 | Build | House |
| 13:42 | Create | Villager (Male) |
| 17:42 | Create | Villager (Male) |
| 17:42 | Create | Villager (Male) |
| 17:42 | Create | Villager (Male) |
| 19:32 | Create | Villager (Male) |
| 19:33 | Create | Villager (Male) |
| 22:02 | Create | Villager (Male) |
| 22:03 | Create | Villager (Male) |
| 23:24 | Create | Villager (Male) |
| 24:45 | Create | Villager (Male) |
| 24:45 | Create | Villager (Male) |
| 25:46 | Build | Mill |
| 25:49 | Create | Villager (Male) |
| 25:50 | Create | Villager (Male) |
| 25:50 | Create | Villager (Male) |
| 26:41 | Build | Farm |
| 26:43 | Build | Farm |
| 26:45 | Build | Farm |
| 26:46 | Build | Farm |
| 26:48 | Build | Farm |
| 26:50 | Build | Farm |
| 26:52 | Build | Farm |
| 26:55 | Build | Farm |
| 27:32 | Create | Villager (Male) |
| 27:32 | Create | Villager (Male) |
| 27:57 | Build | Barracks |
| 31:38 | Create | Militia |
| 31:38 | Create | Militia |
| 31:38 | Create | Militia |
| 31:39 | Create | Militia |
| 32:16 | Create | Villager (Male) |
| 32:17 | Create | Villager (Male) |
| 36:19 | Research | Feudal Age |
| 38:29 | Age | Feudal Age |
Build order — The Dude#3043
First 150 of 278 actions detected
| 0:06 | Build | House |
| 0:07 | Build | House |
| 0:15 | Create | Villager (Male) |
| 0:15 | Create | Villager (Male) |
| 0:15 | Create | Villager (Male) |
| 0:16 | Create | Villager (Male) |
| 0:16 | Create | Villager (Male) |
| 2:09 | Create | Villager (Male) |
| 2:09 | Create | Villager (Male) |
| 2:50 | Create | Villager (Male) |
| 2:50 | Create | Villager (Male) |
| 2:50 | Create | Villager (Male) |
| 3:49 | Create | Villager (Male) |
| 3:49 | Create | Villager (Male) |
| 3:50 | Create | Villager (Male) |
| 3:50 | Create | Villager (Male) |
| 4:50 | Create | Villager (Male) |
| 4:50 | Create | Villager (Male) |
| 4:51 | Create | Villager (Male) |
| 5:08 | Build | House |
| 5:15 | Build | Lumber Camp |
| 5:23 | Create | Villager (Male) |
| 5:23 | Create | Villager (Male) |
| 5:23 | Create | Villager (Male) |
| 6:07 | Build | Mill |
| 7:13 | Create | Villager (Male) |
| 7:14 | Create | Villager (Male) |
| 7:14 | Create | Villager (Male) |
| 7:20 | Build | House |
| 7:59 | Create | Villager (Male) |
| 8:01 | Create | Villager (Male) |
| 8:17 | Build | Mining Camp |
| 8:29 | Create | Villager (Male) |
| 8:35 | Build | Mining Camp |
| 8:53 | Build | House |
| 9:21 | Create | Villager (Male) |
| 9:43 | Build | Barracks |
| 9:55 | Create | Villager (Male) |
| 9:56 | Create | Villager (Male) |
| 10:41 | Build | Farm |
| 10:41 | Build | Farm |
| 10:41 | Build | Farm |
| 10:42 | Build | Farm |
| 10:42 | Build | Farm |
| 11:20 | Build | Farm |
| 11:20 | Build | Farm |
| 11:20 | Build | Farm |
| 12:06 | Build | Farm |
| 12:20 | Build | Farm |
| 12:35 | Build | Farm |
| 12:38 | Build | Farm |
| 12:54 | Research | Feudal Age |
| 13:56 | Build | House |
| 13:58 | Build | House |
| 14:00 | Build | House |
| 14:21 | Build | Farm |
| 14:22 | Build | Farm |
| 14:22 | Build | Farm |
| 14:23 | Build | Farm |
| 14:24 | Build | Farm |
| 14:25 | Build | Farm |
| 15:21 | Build | Watch Tower |
| 15:37 | Build | Watch Tower |
| 15:55 | Build | Archery Range |
| 16:03 | Create | Villager (Male) |
| 16:03 | Create | Villager (Male) |
| 16:04 | Create | Villager (Male) |
| 16:04 | Create | Villager (Male) |
| 16:05 | Create | Villager (Male) |
| 16:35 | Research | Wheelbarrow |
| 16:36 | Create | Villager (Male) |
| 16:37 | Create | Villager (Male) |
| 16:38 | Create | Villager (Male) |
| 17:23 | Build | Watch Tower |
| 17:42 | Create | Villager (Male) |
| 17:42 | Create | Villager (Male) |
| 17:43 | Create | Villager (Male) |
| 17:45 | Create | Villager (Male) |
| 17:53 | Create | Archer |
| 17:54 | Create | Archer |
| 17:55 | Create | Archer |
| 17:55 | Create | Archer |
| 18:41 | Create | Archer |
| 18:43 | Create | Archer |
| 18:54 | Create | Villager (Male) |
| 19:25 | Research | Double-Bit Axe |
| 19:32 | Research | Stone Mining |
| 19:41 | Research | Gold Mining |
| 19:55 | Build | Watch Tower |
| 20:58 | Build | Stable |
| 21:08 | Build | Farm |
| 21:13 | Build | Farm |
| 22:00 | Build | Farm |
| 22:14 | Build | House |
| 22:16 | Build | House |
| 23:00 | Research | Castle Age |
| 23:11 | Build | Farm |
| 23:11 | Build | Farm |
| 23:16 | Create | Villager (Male) |
| 23:16 | Create | Villager (Male) |
| 23:36 | Build | Blacksmith |
| 23:53 | Build | Market |
| 24:10 | Build | Farm |
| 24:10 | Build | Farm |
| 24:14 | Create | Villager (Male) |
| 24:15 | Create | Villager (Male) |
| 24:27 | Research | Scale Barding Armor |
| 24:28 | Research | Scale Mail Armor |
| 24:28 | Research | Padded Archer Armor |
| 24:29 | Research | Fletching |
| 24:29 | Research | Forging |
| 24:33 | Research | Forging |
| 24:59 | Create | Archer |
| 25:00 | Create | Archer |
| 25:01 | Create | Archer |
| 25:01 | Create | Archer |
| 25:03 | Create | Archer |
| 25:47 | Build | Castle |
| 26:02 | Create | Villager (Male) |
| 26:03 | Create | Villager (Male) |
| 26:10 | Build | Town Center |
| 26:31 | Research | Husbandry |
| 26:32 | Create | Knight |
| 26:33 | Create | Knight |
| 26:40 | Create | Villager (Male) |
| 26:41 | Create | Villager (Male) |
| 27:08 | Create | Villager (Male) |
| 27:08 | Create | Villager (Male) |
| 27:09 | Create | Villager (Male) |
| 27:09 | Create | Villager (Male) |
| 27:09 | Create | Villager (Male) |
| 27:54 | Build | Farm |
| 27:55 | Build | Farm |
| 27:57 | Build | Farm |
| 28:05 | Build | Farm |
| 28:15 | Create | Villager (Male) |
| 28:16 | Research | Hand Cart |
| 28:26 | Build | Farm |
| 28:26 | Build | Farm |
| 28:27 | Build | Farm |
| 28:28 | Build | Farm |
| 28:52 | Create | Knight |
| 28:52 | Create | Knight |
| 29:05 | Build | Siege Workshop |
| 29:56 | Create | Knight |
| 29:57 | Create | Knight |
| 29:57 | Create | Knight |
| 29:58 | Create | Knight |
| 29:58 | Create | Knight |
| 30:52 | Build | Castle |
Build order — Yannis
First 150 of 340 actions detected
| 0:04 | Create | Villager (Male) |
| 0:05 | Research | Loom |
| 0:51 | Build | House |
| 0:52 | Build | House |
| 0:54 | Build | House |
| 1:16 | Create | Villager (Male) |
| 1:16 | Create | Villager (Male) |
| 1:16 | Create | Villager (Male) |
| 1:17 | Create | Villager (Male) |
| 1:56 | Create | Villager (Male) |
| 2:15 | Build | House |
| 2:52 | Create | Villager (Male) |
| 3:17 | Create | Villager (Male) |
| 3:55 | Create | Villager (Male) |
| 4:13 | Create | Villager (Male) |
| 5:02 | Create | Villager (Male) |
| 5:02 | Create | Villager (Male) |
| 5:25 | Create | Villager (Male) |
| 5:45 | Create | Villager (Male) |
| 6:15 | Create | Villager (Male) |
| 6:27 | Build | Lumber Camp |
| 6:32 | Create | Villager (Male) |
| 6:52 | Build | Mill |
| 6:55 | Create | Villager (Male) |
| 7:25 | Create | Villager (Male) |
| 8:23 | Create | Villager (Male) |
| 8:38 | Create | Villager (Male) |
| 9:04 | Build | Mining Camp |
| 9:16 | Create | Villager (Male) |
| 9:32 | Build | House |
| 9:45 | Create | Villager (Male) |
| 10:08 | Research | Feudal Age |
| 10:26 | Build | Barracks |
| 11:06 | Build | Farm |
| 11:17 | Create | Villager (Male) |
| 11:17 | Create | Villager (Male) |
| 11:27 | Build | Farm |
| 11:44 | Build | House |
| 11:55 | Build | Farm |
| 11:58 | Create | Villager (Male) |
| 11:59 | Create | Villager (Male) |
| 12:20 | Age | Feudal Age |
| 12:23 | Create | Spearman |
| 12:30 | Create | Spearman |
| 12:32 | Create | Spearman |
| 13:02 | Create | Villager (Male) |
| 13:02 | Create | Villager (Male) |
| 13:19 | Build | Farm |
| 13:22 | Research | Double-Bit Axe |
| 13:25 | Create | Villager (Male) |
| 13:25 | Create | Villager (Male) |
| 13:32 | Build | House |
| 13:50 | Build | Mining Camp |
| 14:00 | Create | Villager (Male) |
| 14:11 | Build | Farm |
| 14:45 | Build | Farm |
| 14:48 | Create | Villager (Male) |
| 14:55 | Build | House |
| 15:36 | Build | Stone Wall |
| 15:43 | Create | Villager (Male) |
| 15:43 | Create | Villager (Male) |
| 15:55 | Build | Farm |
| 15:59 | Create | Villager (Male) |
| 16:05 | Build | House |
| 16:14 | Build | Archery Range |
| 16:54 | Build | Stone Wall |
| 17:30 | Create | Villager (Male) |
| 17:31 | Create | Villager (Male) |
| 17:43 | Create | Villager (Male) |
| 17:43 | Create | Villager (Male) |
| 17:51 | Build | Farm |
| 17:58 | Build | Farm |
| 18:11 | Build | Blacksmith |
| 18:23 | Build | Farm |
| 18:27 | Create | Villager (Male) |
| 18:47 | Build | Stone Wall |
| 19:03 | Build | Farm |
| 19:19 | Create | Skirmisher |
| 19:19 | Create | Skirmisher |
| 19:26 | Build | Farm |
| 19:32 | Build | Farm |
| 19:36 | Create | Villager (Male) |
| 19:53 | Build | Farm |
| 20:01 | Build | Farm |
| 20:05 | Research | Castle Age |
| 20:14 | Build | Lumber Camp |
| 20:24 | Build | House |
| 20:37 | Build | House |
| 20:38 | Build | House |
| 20:42 | Create | Skirmisher |
| 20:42 | Create | Skirmisher |
| 20:45 | Create | Spearman |
| 20:45 | Create | Spearman |
| 21:05 | Create | Skirmisher |
| 21:05 | Create | Skirmisher |
| 21:08 | Create | Spearman |
| 21:09 | Create | Spearman |
| 21:47 | Create | Skirmisher |
| 21:50 | Research | Fletching |
| 21:51 | Research | Padded Archer Armor |
| 21:56 | Create | Skirmisher |
| 21:56 | Create | Skirmisher |
| 22:23 | Create | Villager (Male) |
| 22:23 | Create | Villager (Male) |
| 22:26 | Create | Skirmisher |
| 22:34 | Research | Horse Collar |
| 22:45 | Age | Castle Age |
| 22:53 | Create | Villager (Male) |
| 22:53 | Create | Villager (Male) |
| 23:17 | Build | Town Center |
| 23:37 | Build | Mining Camp |
| 23:49 | Create | Villager (Male) |
| 23:53 | Research | Bow Saw |
| 24:01 | Create | Villager (Male) |
| 24:13 | Build | House |
| 24:15 | Build | House |
| 24:26 | Create | Villager (Male) |
| 24:26 | Create | Villager (Male) |
| 24:43 | Build | Stone Wall |
| 24:48 | Build | Building 490 |
| 25:06 | Research | Elite Skirmisher (upgrade) |
| 25:15 | Create | Villager (Male) |
| 25:15 | Create | Villager (Male) |
| 25:28 | Create | Spearman |
| 25:40 | Create | Villager (Male) |
| 25:54 | Build | Farm |
| 25:59 | Create | Villager (Male) |
| 26:00 | Create | Villager (Male) |
| 26:22 | Build | Mining Camp |
| 26:26 | Create | Villager (Male) |
| 26:34 | Build | Farm |
| 26:36 | Create | Villager (Male) |
| 26:37 | Create | Villager (Male) |
| 26:37 | Create | Villager (Male) |
| 26:59 | Build | Stone Wall |
| 27:06 | Create | Skirmisher |
| 27:06 | Create | Skirmisher |
| 27:20 | Build | Farm |
| 27:32 | Build | Farm |
| 27:34 | Create | Villager (Male) |
| 27:35 | Create | Villager (Male) |
| 27:43 | Build | House |
| 27:45 | Build | House |
| 28:09 | Build | Stone Wall |
| 28:19 | Create | Skirmisher |
| 28:34 | Build | Market |
| 28:40 | Create | Villager (Male) |
| 28:57 | Build | University |
| 29:04 | Build | House |
| 29:05 | Build | House |
Build order — 60hz 40fps
150 actions detected in the replay
| 0:24 | Build | House |
| 0:27 | Create | Villager (Male) |
| 0:27 | Create | Villager (Male) |
| 0:28 | Create | Villager (Male) |
| 0:28 | Create | Villager (Male) |
| 0:28 | Create | Villager (Male) |
| 1:00 | Build | House |
| 2:59 | Create | Villager (Male) |
| 3:00 | Create | Villager (Male) |
| 3:38 | Build | Mill |
| 4:10 | Research | Loom |
| 4:22 | Create | Villager (Male) |
| 4:22 | Create | Villager (Male) |
| 4:22 | Create | Villager (Male) |
| 4:37 | Create | Villager (Male) |
| 4:37 | Create | Villager (Male) |
| 6:13 | Build | House |
| 7:33 | Build | House |
| 7:54 | Build | Lumber Camp |
| 8:18 | Build | Palisade Wall |
| 8:54 | Build | Farm |
| 9:14 | Build | Farm |
| 9:27 | Research | Feudal Age |
| 9:42 | Build | Farm |
| 10:09 | Build | Farm |
| 11:02 | Build | Farm |
| 11:12 | Build | Farm |
| 11:20 | Create | Villager (Male) |
| 11:21 | Create | Villager (Male) |
| 11:21 | Create | Villager (Male) |
| 11:21 | Create | Villager (Male) |
| 11:21 | Create | Villager (Male) |
| 11:22 | Create | Villager (Male) |
| 11:37 | Age | Feudal Age |
| 11:40 | Build | House |
| 11:41 | Build | House |
| 11:42 | Build | House |
| 11:56 | Build | Palisade Wall |
| 12:05 | Research | Double-Bit Axe |
| 12:37 | Research | Horse Collar |
| 13:02 | Build | Mining Camp |
| 13:56 | Build | Outpost |
| 14:03 | Research | Town Watch |
| 14:06 | Create | Villager (Male) |
| 14:06 | Create | Villager (Male) |
| 14:06 | Create | Villager (Male) |
| 14:30 | Build | Barracks |
| 14:55 | Create | Villager (Male) |
| 14:55 | Create | Villager (Male) |
| 15:15 | Build | Blacksmith |
| 16:23 | Research | Wheelbarrow |
| 16:57 | Build | Mining Camp |
| 17:10 | Build | Market |
| 17:31 | Create | Villager (Male) |
| 17:31 | Create | Villager (Male) |
| 17:31 | Create | Villager (Male) |
| 17:55 | Build | House |
| 17:57 | Build | House |
| 17:58 | Build | House |
| 18:00 | Build | House |
| 18:01 | Build | House |
| 18:02 | Build | House |
| 18:04 | Build | House |
| 18:06 | Build | House |
| 18:38 | Build | Farm |
| 19:42 | Build | Outpost |
| 20:56 | Research | Man-at-Arms (upgrade) |
| 20:57 | Create | Militia |
| 20:58 | Create | Militia |
| 21:20 | Build | Palisade Wall |
| 22:17 | Build | Building 796 |
| 22:38 | Research | Castle Age |
| 23:56 | Build | Palisade Wall |
| 24:52 | Build | Outpost |
| 25:18 | Age | Castle Age |
| 25:18 | Research | Forging |
| 25:19 | Research | Scale Mail Armor |
| 26:02 | Research | Heavy Plow |
| 26:14 | Research | Squires |
| 26:52 | Build | Castle |
| 27:17 | Research | Chain Mail Armor |
| 27:28 | Create | Villager (Male) |
| 27:28 | Create | Villager (Male) |
| 27:28 | Create | Villager (Male) |
| 27:53 | Build | House |
| 27:55 | Build | House |
| 27:59 | Build | House |
| 28:02 | Build | House |
| 28:04 | Build | House |
| 28:05 | Build | House |
| 28:07 | Build | House |
| 28:31 | Research | Fletching |
| 28:59 | Build | Monastery |
| 29:27 | Create | Huskarl |
| 29:27 | Create | Huskarl |
| 29:27 | Create | Huskarl |
| 30:15 | Build | University |
| 30:53 | Research | Iron Casting |
| 31:07 | Build | Barracks |
| 31:08 | Build | Barracks |
| 31:11 | Build | Barracks |
| 31:43 | Build | Palisade Wall |
| 31:50 | Build | Palisade Wall |
| 32:02 | Create | Monk |
| 32:24 | Build | Palisade Gate |
| 32:35 | Build | Farm |
| 33:18 | Research | Town Patrol |
| 33:56 | Create | Huskarl |
| 33:56 | Create | Huskarl |
| 33:57 | Create | Huskarl |
| 33:57 | Create | Huskarl |
| 33:57 | Create | Huskarl |
| 35:05 | Research | Bodkin Arrow |
| 35:16 | Build | Farm |
| 35:54 | Research | Masonry |
| 37:05 | Create | Villager (Male) |
| 37:05 | Create | Villager (Male) |
| 37:05 | Create | Villager (Male) |
| 37:06 | Create | Villager (Male) |
| 37:06 | Create | Villager (Male) |
| 38:05 | Build | Farm |
| 38:06 | Build | Farm |
| 38:19 | Build | Lumber Camp |
| 38:31 | Build | Farm |
| 38:59 | Build | Outpost |
| 39:19 | Create | Huskarl |
| 39:19 | Create | Huskarl |
| 39:20 | Create | Huskarl |
| 39:20 | Create | Huskarl |
| 39:20 | Create | Huskarl |
| 40:29 | Research | Hand Cart |
| 41:51 | Build | Castle |
| 42:48 | Build | Town Center |
| 43:19 | Research | Imperial Age |
| 45:06 | Research | Anarchy |
| 45:08 | Create | Huskarl |
| 45:08 | Create | Huskarl |
| 45:08 | Create | Huskarl |
| 45:08 | Create | Huskarl |
| 45:25 | Build | Lumber Camp |
| 45:50 | Create | Militia |
| 45:50 | Create | Militia |
| 45:50 | Create | Militia |
| 45:51 | Create | Militia |
| 45:51 | Create | Militia |
| 45:51 | Create | Militia |
| 46:10 | Create | Huskarl |
| 46:10 | Create | Huskarl |
| 46:11 | Create | Huskarl |
| 46:28 | Age | Imperial Age |
Build order — Benja000076638
First 150 of 269 actions detected
| 0:04 | Build | House |
| 0:06 | Build | House |
| 0:07 | Create | Villager (Male) |
| 0:07 | Create | Villager (Male) |
| 0:08 | Create | Villager (Male) |
| 0:08 | Create | Villager (Male) |
| 1:40 | Create | Villager (Male) |
| 1:40 | Create | Villager (Male) |
| 2:30 | Create | Villager (Male) |
| 2:31 | Create | Villager (Male) |
| 2:31 | Create | Villager (Male) |
| 2:31 | Create | Villager (Male) |
| 3:11 | Create | Villager (Male) |
| 3:12 | Create | Villager (Male) |
| 3:12 | Create | Villager (Male) |
| 3:57 | Build | House |
| 4:24 | Build | Mill |
| 4:47 | Create | Villager (Male) |
| 4:48 | Create | Villager (Male) |
| 4:48 | Create | Villager (Male) |
| 4:48 | Create | Villager (Male) |
| 4:53 | Build | House |
| 5:05 | Build | Palisade Wall |
| 5:12 | Build | Building 800 |
| 5:17 | Create | Villager (Male) |
| 5:17 | Create | Villager (Male) |
| 5:17 | Create | Villager (Male) |
| 5:34 | Create | Villager (Male) |
| 5:34 | Create | Villager (Male) |
| 5:34 | Create | Villager (Male) |
| 6:19 | Create | Villager (Male) |
| 6:19 | Create | Villager (Male) |
| 6:19 | Create | Villager (Male) |
| 6:20 | Create | Villager (Male) |
| 6:49 | Create | Villager (Male) |
| 6:49 | Create | Villager (Male) |
| 6:50 | Create | Villager (Male) |
| 6:58 | Create | Villager (Male) |
| 6:59 | Create | Villager (Male) |
| 7:42 | Create | Villager (Male) |
| 7:42 | Create | Villager (Male) |
| 7:43 | Create | Villager (Male) |
| 7:43 | Create | Villager (Male) |
| 7:51 | Build | Lumber Camp |
| 8:00 | Create | Villager (Male) |
| 8:00 | Create | Villager (Male) |
| 8:17 | Build | House |
| 8:21 | Build | House |
| 8:30 | Build | Palisade Wall |
| 8:33 | Build | Building 796 |
| 9:29 | Build | Mining Camp |
| 10:20 | Create | Villager (Male) |
| 10:20 | Create | Villager (Male) |
| 10:21 | Create | Villager (Male) |
| 10:21 | Create | Villager (Male) |
| 10:21 | Create | Villager (Male) |
| 10:21 | Create | Villager (Male) |
| 10:21 | Create | Villager (Male) |
| 10:37 | Build | Mill |
| 11:05 | Build | Barracks |
| 11:14 | Build | Palisade Wall |
| 12:07 | Research | Feudal Age |
| 12:16 | Build | Palisade Gate |
| 12:38 | Build | House |
| 12:53 | Build | House |
| 13:11 | Build | House |
| 13:13 | Build | House |
| 13:28 | Build | Mining Camp |
| 13:51 | Build | House |
| 13:53 | Build | House |
| 13:59 | Build | Palisade Wall |
| 14:02 | Build | Building 804 |
| 14:37 | Build | House |
| 14:38 | Build | House |
| 14:49 | Build | Stone Wall |
| 14:54 | Build | Building 673 |
| 15:00 | Build | Farm |
| 15:00 | Build | Farm |
| 15:01 | Build | Farm |
| 15:01 | Build | Farm |
| 15:01 | Build | Farm |
| 15:02 | Build | Farm |
| 15:02 | Build | Farm |
| 15:03 | Build | Farm |
| 15:03 | Build | Farm |
| 15:23 | Build | House |
| 15:26 | Build | House |
| 15:27 | Build | House |
| 16:02 | Build | Stone Wall |
| 16:15 | Build | Building 673 |
| 16:26 | Build | House |
| 16:37 | Research | Double-Bit Axe |
| 16:40 | Create | Villager (Male) |
| 16:40 | Create | Villager (Male) |
| 16:40 | Create | Villager (Male) |
| 16:41 | Create | Villager (Male) |
| 16:42 | Create | Villager (Male) |
| 16:44 | Create | Villager (Male) |
| 16:44 | Create | Villager (Male) |
| 16:45 | Create | Villager (Male) |
| 16:56 | Build | Stone Wall |
| 17:02 | Build | Building 487 |
| 17:34 | Create | Spearman |
| 17:35 | Create | Spearman |
| 18:05 | Build | Archery Range |
| 18:11 | Build | Stone Wall |
| 18:28 | Build | Stone Wall |
| 18:59 | Build | Stone Wall |
| 19:02 | Build | Building 665 |
| 19:14 | Build | Farm |
| 19:15 | Build | Farm |
| 19:15 | Build | Farm |
| 19:35 | Build | Stone Wall |
| 19:39 | Build | Building 487 |
| 19:53 | Build | Blacksmith |
| 20:02 | Research | Gold Mining |
| 20:33 | Research | Wheelbarrow |
| 20:41 | Research | Fletching |
| 20:43 | Create | Archer |
| 20:43 | Create | Archer |
| 20:43 | Create | Archer |
| 20:44 | Create | Archer |
| 20:44 | Create | Archer |
| 20:46 | Create | Archer |
| 20:46 | Create | Archer |
| 21:15 | Create | Spearman |
| 21:15 | Create | Spearman |
| 21:15 | Create | Spearman |
| 21:34 | Create | Archer |
| 22:03 | Build | Farm |
| 22:04 | Build | Farm |
| 22:07 | Build | Farm |
| 22:08 | Build | Farm |
| 22:08 | Build | Farm |
| 22:26 | Research | Forging |
| 23:20 | Build | Stone Wall |
| 23:24 | Build | Building 490 |
| 23:49 | Build | Archery Range |
| 24:16 | Research | Loom |
| 24:20 | Research | Castle Age |
| 24:57 | Build | Barracks |
| 25:09 | Build | Stable |
| 26:08 | Build | Farm |
| 26:08 | Build | Farm |
| 26:08 | Build | Farm |
| 26:21 | Create | Archer ×5 |
| 26:22 | Create | Archer ×2 |
| 27:05 | Build | Stone Wall |
| 27:09 | Build | Building 490 |
| 27:26 | Build | Town Center |
Build order — Tuấn Anh
First 150 of 177 actions detected
| 0:11 | Research | Loom |
| 0:12 | Create | Villager (Male) ×4 |
| 1:57 | Create | Villager (Male) |
| 1:57 | Create | Villager (Male) |
| 2:36 | Create | Villager (Male) |
| 2:36 | Create | Villager (Male) |
| 2:43 | Build | Mill |
| 2:45 | Create | Villager (Male) |
| 2:45 | Create | Villager (Male) |
| 3:17 | Create | Villager (Male) |
| 3:17 | Create | Villager (Male) |
| 3:27 | Create | Villager (Male) |
| 3:27 | Create | Villager (Male) |
| 3:57 | Create | Villager (Male) |
| 3:57 | Create | Villager (Male) |
| 4:26 | Create | Villager (Male) |
| 4:27 | Create | Villager (Male) |
| 4:44 | Create | Villager (Male) |
| 4:45 | Create | Villager (Male) |
| 5:20 | Create | Villager (Male) |
| 5:20 | Create | Villager (Male) |
| 5:20 | Create | Villager (Male) |
| 5:27 | Create | Villager (Male) |
| 5:27 | Create | Villager (Male) |
| 6:45 | Build | Mining Camp |
| 7:25 | Create | Villager (Male) |
| 7:25 | Create | Villager (Male) |
| 7:25 | Create | Villager (Male) |
| 7:27 | Create | Villager (Male) |
| 8:07 | Build | Mining Camp |
| 9:52 | Research | Feudal Age |
| 9:58 | Build | Lumber Camp |
| 10:20 | Build | Lumber Camp |
| 12:02 | Age | Feudal Age |
| 12:05 | Build | Market |
| 12:12 | Build | Farm |
| 12:13 | Research | Wheelbarrow |
| 12:22 | Research | Double-Bit Axe |
| 12:26 | Create | Villager (Male) |
| 12:26 | Create | Villager (Male) |
| 12:26 | Create | Villager (Male) |
| 12:57 | Research | Horse Collar |
| 13:09 | Build | Farm |
| 13:19 | Create | Villager (Male) |
| 13:31 | Build | Barracks |
| 13:48 | Build | Stone Wall |
| 14:07 | Build | Stone Wall |
| 14:11 | Build | Farm |
| 14:16 | Create | Villager (Male) |
| 14:21 | Research | Stone Mining |
| 14:36 | Build | Stable |
| 14:44 | Build | Farm |
| 15:10 | Build | Farm |
| 15:18 | Create | Villager (Male) |
| 15:18 | Create | Villager (Male) |
| 15:18 | Create | Villager (Male) |
| 15:22 | Build | Farm |
| 15:38 | Create | Villager (Male) |
| 15:39 | Create | Villager (Male) |
| 15:56 | Build | Farm |
| 16:23 | Build | Building 490 |
| 16:29 | Build | Farm |
| 16:31 | Create | Villager (Male) |
| 16:31 | Create | Villager (Male) |
| 16:31 | Create | Villager (Male) |
| 16:32 | Create | Villager (Male) |
| 16:49 | Build | Farm |
| 16:52 | Create | Villager (Male) |
| 16:52 | Create | Villager (Male) |
| 17:07 | Build | Blacksmith |
| 17:27 | Research | Gold Mining |
| 17:36 | Build | Farm |
| 17:45 | Build | Farm |
| 18:21 | Build | Farm |
| 18:25 | Create | Villager (Male) |
| 18:25 | Create | Villager (Male) |
| 18:41 | Build | Stone Wall |
| 18:51 | Build | Farm |
| 19:02 | Build | Mill |
| 19:16 | Build | Stable |
| 19:22 | Build | Farm |
| 19:25 | Create | Villager (Male) |
| 19:25 | Create | Villager (Male) |
| 19:33 | Build | Farm |
| 19:53 | Build | Building 665 |
| 20:18 | Build | Farm |
| 20:33 | Build | Barracks |
| 20:42 | Build | Stable |
| 20:49 | Research | Town Watch |
| 20:55 | Research | Castle Age |
| 21:18 | Build | Stone Wall |
| 21:34 | Build | Stone Wall |
| 21:49 | Build | Stable |
| 22:36 | Research | Bloodlines |
| 22:38 | Research | Scale Barding Armor |
| 22:39 | Research | Forging |
| 23:13 | Create | Scout Cavalry |
| 23:23 | Build | Stable |
| 23:24 | Build | Stable |
| 23:26 | Build | Stable |
| 23:49 | Age | Castle Age |
| 24:16 | Build | Stone Wall |
| 24:26 | Build | Castle |
| 24:33 | Build | Town Center |
| 24:35 | Research | Bow Saw |
| 24:37 | Research | Hand Cart |
| 25:19 | Build | Town Center |
| 25:36 | Research | Husbandry |
| 26:02 | Build | Stone Wall |
| 26:58 | Create | Knight ×5 |
| 29:58 | Create | Villager (Male) |
| 29:58 | Create | Villager (Male) |
| 29:58 | Create | Villager (Male) |
| 29:59 | Create | Villager (Male) |
| 29:59 | Create | Villager (Male) |
| 29:59 | Create | Villager (Male) |
| 30:02 | Create | Villager (Male) |
| 30:02 | Create | Villager (Male) |
| 30:11 | Create | Villager (Male) |
| 30:12 | Create | Villager (Male) |
| 30:12 | Create | Villager (Male) |
| 30:13 | Create | Villager (Male) |
| 30:13 | Create | Villager (Male) |
| 31:14 | Build | Stone Wall |
| 31:33 | Build | Mining Camp |
| 31:47 | Build | Mining Camp |
| 32:00 | Build | Stone Wall |
| 32:52 | Create | Villager (Male) |
| 32:52 | Create | Villager (Male) |
| 32:53 | Create | Villager (Male) |
| 33:17 | Research | Marauders |
| 33:38 | Create | Villager (Male) |
| 33:38 | Create | Villager (Male) |
| 33:38 | Create | Villager (Male) |
| 33:39 | Create | Villager (Male) |
| 33:41 | Build | Farm |
| 33:48 | Build | Farm |
| 33:55 | Create | Villager (Male) |
| 33:55 | Create | Villager (Male) |
| 34:08 | Build | Building 490 |
| 34:22 | Build | Farm |
| 34:34 | Build | Farm |
| 34:46 | Create | Villager (Male) |
| 34:46 | Create | Villager (Male) |
| 34:47 | Create | Villager (Male) |
| 34:47 | Create | Villager (Male) |
| 35:02 | Build | Mining Camp |
| 35:29 | Research | Imperial Age |
| 35:29 | Research | Imperial Age |
| 35:45 | Build | Farm |
Build order — Kloxy
First 150 of 353 actions detected
| 0:16 | Build | House |
| 0:17 | Build | House |
| 0:23 | Research | Loom |
| 0:23 | Create | Villager (Male) |
| 0:23 | Create | Villager (Male) |
| 0:24 | Create | Villager (Male) |
| 0:24 | Create | Villager (Male) |
| 0:46 | Build | House |
| 0:47 | Build | House |
| 1:50 | Create | Villager (Male) |
| 1:50 | Create | Villager (Male) |
| 2:30 | Create | Villager (Male) |
| 3:01 | Create | Villager (Male) |
| 3:26 | Create | Villager (Male) |
| 3:26 | Create | Villager (Male) |
| 3:27 | Create | Villager (Male) |
| 3:41 | Create | Villager (Male) |
| 3:50 | Build | Mill |
| 4:09 | Create | Villager (Male) |
| 4:26 | Create | Villager (Male) |
| 4:39 | Create | Villager (Male) |
| 5:28 | Create | Villager (Male) |
| 5:28 | Create | Villager (Male) |
| 5:42 | Create | Villager (Male) |
| 6:12 | Create | Villager (Male) |
| 6:25 | Build | Lumber Camp |
| 6:35 | Create | Villager (Male) |
| 6:50 | Create | Villager (Male) |
| 7:44 | Create | Villager (Male) |
| 8:11 | Build | House |
| 9:19 | Build | House |
| 9:31 | Research | Feudal Age |
| 9:46 | Build | Mining Camp |
| 11:40 | Age | Feudal Age |
| 11:42 | Research | Wheelbarrow |
| 11:46 | Research | Double-Bit Axe |
| 11:48 | Research | Horse Collar |
| 12:02 | Create | Villager (Male) |
| 12:02 | Create | Villager (Male) |
| 13:06 | Build | Farm |
| 13:07 | Build | Farm |
| 13:08 | Build | Farm |
| 13:08 | Build | Farm |
| 13:09 | Build | Farm |
| 13:10 | Build | Farm |
| 13:11 | Build | Farm |
| 13:12 | Build | Farm |
| 13:13 | Build | Farm |
| 13:27 | Create | Villager (Male) |
| 13:43 | Create | Villager (Male) |
| 13:54 | Build | Market |
| 14:20 | Build | Farm |
| 14:25 | Create | Villager (Male) |
| 14:45 | Build | Farm |
| 14:52 | Create | Villager (Male) |
| 15:18 | Build | Barracks |
| 15:31 | Create | Villager (Male) |
| 15:32 | Create | Villager (Male) |
| 15:41 | Build | Mining Camp |
| 16:16 | Create | Villager (Male) |
| 16:23 | Build | Blacksmith |
| 16:30 | Create | Villager (Male) |
| 16:31 | Create | Villager (Male) |
| 16:37 | Build | House |
| 16:38 | Build | House |
| 16:52 | Build | Barracks |
| 17:15 | Create | Villager (Male) |
| 17:42 | Build | Farm |
| 17:47 | Create | Villager (Male) |
| 18:07 | Build | Barracks |
| 18:34 | Build | Farm |
| 18:39 | Create | Villager (Male) |
| 18:44 | Create | Trade Cart |
| 19:25 | Build | Outpost |
| 19:36 | Research | Castle Age |
| 20:25 | Build | Barracks |
| 21:14 | Build | Stone Wall |
| 21:42 | Build | Stone Wall |
| 21:47 | Create | Trade Cart |
| 21:47 | Create | Trade Cart |
| 21:48 | Create | Trade Cart |
| 21:51 | Create | Trade Cart |
| 21:58 | Build | Barracks |
| 22:16 | Age | Castle Age |
| 22:24 | Build | Town Center |
| 22:40 | Build | Town Center |
| 22:47 | Research | Hand Cart |
| 23:04 | Build | House |
| 23:06 | Build | House |
| 23:16 | Create | Villager (Male) |
| 23:16 | Create | Villager (Male) |
| 23:16 | Create | Villager (Male) |
| 23:16 | Create | Villager (Male) |
| 23:24 | Create | Villager (Male) |
| 23:25 | Create | Villager (Male) |
| 23:49 | Create | Villager (Male) |
| 23:49 | Create | Villager (Male) |
| 23:49 | Create | Villager (Male) |
| 23:53 | Research | Bow Saw |
| 24:01 | Create | Villager (Male) |
| 24:22 | Build | Castle |
| 24:56 | Build | House |
| 24:59 | Create | Villager (Male) |
| 24:59 | Create | Villager (Male) |
| 25:00 | Create | Villager (Male) |
| 25:04 | Research | Heavy Plow |
| 25:18 | Create | Villager (Male) |
| 25:18 | Create | Villager (Male) |
| 25:18 | Create | Villager (Male) |
| 25:27 | Build | Lumber Camp |
| 25:47 | Build | University |
| 25:53 | Create | Villager (Male) |
| 25:56 | Create | Villager (Male) |
| 25:56 | Create | Villager (Male) |
| 25:56 | Create | Villager (Male) |
| 26:01 | Create | Villager (Male) |
| 26:14 | Create | Villager (Male) |
| 26:36 | Create | Villager (Male) |
| 26:41 | Create | Villager (Male) |
| 26:41 | Create | Villager (Male) |
| 27:14 | Build | Mining Camp |
| 27:26 | Build | House |
| 27:27 | Build | House |
| 27:29 | Build | House |
| 27:31 | Build | House |
| 27:38 | Create | Villager (Male) |
| 27:42 | Create | Villager (Male) |
| 27:42 | Create | Villager (Male) |
| 27:43 | Create | Villager (Male) |
| 27:45 | Create | Villager (Male) |
| 27:45 | Create | Villager (Male) |
| 27:45 | Create | Villager (Male) |
| 27:45 | Create | Villager (Male) |
| 27:50 | Build | Farm |
| 27:50 | Build | Farm |
| 27:51 | Build | Farm |
| 27:51 | Build | Farm |
| 27:51 | Build | Farm |
| 27:52 | Build | Farm |
| 28:17 | Build | Barracks |
| 28:19 | Build | Barracks |
| 28:28 | Create | Villager (Male) |
| 28:29 | Create | Villager (Male) |
| 28:34 | Create | Villager (Male) |
| 28:44 | Build | Lumber Camp |
| 28:59 | Build | Farm |
| 29:02 | Create | Villager (Male) |
| 29:04 | Create | Villager (Male) |
| 29:05 | Create | Villager (Male) |
| 29:05 | Create | Villager (Male) |
Build order — diegoortiz55
First 150 of 331 actions detected
| 0:40 | Create | Villager (Male) |
| 0:41 | Research | Loom |
| 0:41 | Create | Villager (Male) |
| 0:42 | Create | Villager (Male) |
| 0:42 | Create | Villager (Male) |
| 0:42 | Create | Villager (Male) |
| 0:48 | Build | House |
| 0:50 | Build | House |
| 0:51 | Build | House |
| 0:52 | Build | House |
| 2:16 | Create | Villager (Male) |
| 2:17 | Create | Villager (Male) |
| 2:17 | Create | Villager (Male) |
| 2:17 | Create | Villager (Male) |
| 3:05 | Create | Villager (Male) |
| 3:05 | Create | Villager (Male) |
| 3:28 | Build | Settlement |
| 3:33 | Create | Villager (Male) |
| 3:34 | Create | Villager (Male) |
| 4:03 | Create | Villager (Male) |
| 4:03 | Create | Villager (Male) |
| 4:37 | Create | Villager (Male) |
| 4:38 | Create | Villager (Male) |
| 4:43 | Create | Villager (Male) |
| 5:23 | Create | Villager (Male) |
| 5:23 | Create | Villager (Male) |
| 6:03 | Create | Villager (Male) |
| 6:36 | Create | Villager (Male) |
| 6:36 | Create | Villager (Male) |
| 6:56 | Create | Villager (Male) |
| 6:56 | Create | Villager (Male) |
| 6:57 | Create | Villager (Male) |
| 6:57 | Create | Villager (Male) |
| 6:58 | Create | Villager (Male) |
| 7:37 | Create | Villager (Male) |
| 7:59 | Create | Villager (Male) |
| 8:47 | Research | Feudal Age |
| 9:28 | Create | Villager (Male) |
| 10:08 | Create | Villager (Male) |
| 10:19 | Build | Settlement |
| 10:38 | Create | Villager (Male) |
| 10:39 | Create | Villager (Male) |
| 10:57 | Age | Feudal Age |
| 11:27 | Build | Barracks |
| 11:31 | Create | Villager (Male) |
| 12:46 | Research | Tech 1402 |
| 12:51 | Create | Unit 2550 |
| 12:51 | Create | Unit 2550 |
| 12:51 | Create | Unit 2550 |
| 12:58 | Build | Archery Range |
| 13:09 | Build | Farm |
| 13:52 | Create | Unit 2550 |
| 14:03 | Create | Unit 2550 |
| 14:13 | Build | Market |
| 14:19 | Build | Blacksmith |
| 14:23 | Create | Villager (Male) |
| 14:24 | Create | Villager (Male) |
| 14:24 | Create | Villager (Male) |
| 14:24 | Create | Villager (Male) |
| 14:24 | Create | Villager (Male) |
| 14:42 | Build | Farm |
| 14:50 | Build | Farm |
| 14:56 | Build | Farm |
| 15:03 | Build | Farm |
| 15:43 | Build | House |
| 15:45 | Build | House |
| 15:46 | Build | House |
| 15:47 | Build | House |
| 15:57 | Create | Villager (Male) |
| 15:57 | Create | Villager (Male) |
| 15:57 | Create | Villager (Male) |
| 16:05 | Build | Farm |
| 16:08 | Create | Unit 2550 |
| 16:17 | Build | Farm |
| 16:23 | Build | Farm |
| 16:28 | Build | Farm |
| 16:30 | Create | Villager (Male) |
| 16:31 | Create | Villager (Male) |
| 16:43 | Create | Unit 2550 |
| 16:43 | Create | Unit 2550 |
| 16:47 | Create | Villager (Male) |
| 16:47 | Create | Villager (Male) |
| 16:47 | Create | Villager (Male) |
| 16:48 | Create | Villager (Male) |
| 17:03 | Build | Farm |
| 17:13 | Create | Villager (Male) |
| 17:13 | Create | Villager (Male) |
| 17:17 | Create | Unit 2550 |
| 17:17 | Create | Unit 2550 |
| 17:17 | Create | Unit 2550 |
| 17:31 | Build | Farm |
| 17:37 | Build | Farm |
| 17:40 | Create | Unit 2550 |
| 18:04 | Build | House |
| 18:06 | Build | House |
| 18:06 | Build | House |
| 18:07 | Build | House |
| 18:11 | Create | Unit 2550 |
| 18:17 | Create | Villager (Male) |
| 18:17 | Create | Villager (Male) |
| 18:27 | Build | Farm |
| 18:37 | Build | Farm |
| 18:50 | Build | Farm |
| 18:54 | Create | Unit 2550 |
| 19:01 | Research | Scale Mail Armor |
| 19:05 | Create | Unit 2550 |
| 19:17 | Build | Farm |
| 19:20 | Create | Villager (Male) |
| 19:20 | Create | Villager (Male) |
| 19:36 | Create | Unit 2550 |
| 19:37 | Create | Unit 2550 |
| 20:25 | Research | Forging |
| 20:27 | Create | Unit 2550 |
| 20:28 | Create | Unit 2550 |
| 20:28 | Create | Unit 2550 |
| 20:45 | Create | Unit 2550 |
| 20:46 | Create | Unit 2550 |
| 21:35 | Create | Unit 2550 |
| 21:36 | Create | Unit 2550 |
| 21:39 | Create | Villager (Male) |
| 21:39 | Create | Villager (Male) |
| 21:39 | Create | Villager (Male) |
| 21:39 | Create | Villager (Male) |
| 21:50 | Build | Farm |
| 21:52 | Build | Farm |
| 21:53 | Build | Farm |
| 21:54 | Build | Farm |
| 22:50 | Create | Unit 2550 |
| 22:51 | Create | Unit 2550 |
| 23:04 | Research | Gold Mining |
| 23:04 | Research | Double-Bit Axe |
| 23:08 | Research | Stone Mining |
| 23:11 | Create | Unit 2550 |
| 23:41 | Research | Wheelbarrow |
| 23:42 | Create | Villager (Male) |
| 23:42 | Create | Villager (Male) |
| 25:02 | Create | Unit 2550 |
| 25:02 | Create | Unit 2550 |
| 25:02 | Create | Unit 2550 |
| 25:10 | Build | House |
| 25:11 | Build | House |
| 25:11 | Build | House |
| 25:12 | Build | House |
| 25:45 | Create | Unit 2550 |
| 25:45 | Create | Unit 2550 |
| 25:46 | Create | Unit 2550 |
| 25:52 | Build | Farm |
| 25:56 | Create | Villager (Male) |
| 25:56 | Create | Villager (Male) |
| 25:56 | Create | Villager (Male) |
Match timeline
| 5:05 | Benja000076638 · wall_segment Palisade Wall x8 |
| 8:18 | 60hz 40fps · wall_segment Palisade Wall x10 |
| 8:30 | Benja000076638 · wall_segment Palisade Wall x10 |
| 9:43 | The Dude#3043 · first_building Barracks |
| 10:26 | Yannis · first_building Barracks |
| 10:57 | diegoortiz55 · age_up feudal |
| 11:05 | Benja000076638 · first_building Barracks |
| 11:14 | Benja000076638 · wall_segment Palisade Wall x19 |
| 11:27 | diegoortiz55 · first_building Barracks |
| 11:37 | 60hz 40fps · age_up feudal |
| 11:40 | Kloxy · age_up feudal |
| 11:56 | 60hz 40fps · wall_segment Palisade Wall x5 |
| 12:02 | Tuấn Anh · age_up feudal |
| 12:20 | Yannis · age_up feudal |
| 12:49 | Tuấn Anh · first_market_buy 100 wood |
| 12:58 | diegoortiz55 · first_building Archery Range |
| 13:31 | Tuấn Anh · first_building Barracks |
| 13:48 | Tuấn Anh · wall_segment Stone Wall x42 |
| 13:59 | Benja000076638 · wall_segment Palisade Wall x11 |
| 14:07 | Tuấn Anh · wall_segment Stone Wall x37 |
| 14:30 | 60hz 40fps · first_building Barracks |
| 14:36 | Tuấn Anh · first_building Stable |
| 14:49 | Benja000076638 · wall_segment Stone Wall x6 |
| 15:18 | Kloxy · first_building Barracks |
| 15:36 | Yannis · wall_segment Stone Wall x20 |
| 15:55 | The Dude#3043 · first_building Archery Range |
| 16:02 | Benja000076638 · wall_segment Stone Wall x11 |
| 16:14 | Yannis · first_building Archery Range |
| 16:39 | diegoortiz55 · first_market_buy 100 food |
| 16:54 | Yannis · wall_segment Stone Wall x7 |
| 16:56 | Benja000076638 · wall_segment Stone Wall x7 |
| 18:05 | Benja000076638 · first_building Archery Range |
| 18:11 | Benja000076638 · wall_segment Stone Wall x7 |
| 18:28 | Benja000076638 · wall_segment Stone Wall x5 |
| 18:41 | Tuấn Anh · wall_segment Stone Wall x6 |
| 18:47 | Yannis · wall_segment Stone Wall x6 |
| 18:59 | Benja000076638 · wall_segment Stone Wall x6 |
| 19:35 | Benja000076638 · wall_segment Stone Wall x6 |
| 20:58 | The Dude#3043 · first_building Stable |
| 21:14 | Kloxy · wall_segment Stone Wall x8 |
| 21:18 | Tuấn Anh · wall_segment Stone Wall x31 |
| 21:20 | 60hz 40fps · wall_segment Palisade Wall x20 |
| 21:34 | Tuấn Anh · wall_segment Stone Wall x50 |
| 21:42 | Kloxy · wall_segment Stone Wall x12 |
| 22:16 | Kloxy · age_up castle |
| 22:34 | 60hz 40fps · first_market_buy 100 food |
| 22:45 | Yannis · age_up castle |
| 23:20 | Benja000076638 · wall_segment Stone Wall x13 |
| 23:49 | Tuấn Anh · age_up castle |
| 23:56 | 60hz 40fps · wall_segment Palisade Wall x1 |
| 24:16 | Tuấn Anh · wall_segment Stone Wall x27 |
| 24:22 | Kloxy · first_building Castle |
| 24:26 | Tuấn Anh · first_building Castle |
| 24:43 | Yannis · wall_segment Stone Wall x20 |
| 25:09 | Benja000076638 · first_building Stable |
| 25:18 | 60hz 40fps · age_up castle |
| 25:47 | The Dude#3043 · first_building Castle |
| 26:02 | Tuấn Anh · wall_segment Stone Wall x8 |
| 26:52 | 60hz 40fps · first_building Castle |
| 26:59 | Yannis · wall_segment Stone Wall x18 |
| 27:05 | Benja000076638 · wall_segment Stone Wall x12 |
| 27:57 | Manhole · first_building Barracks |
| 28:09 | Yannis · wall_segment Stone Wall x13 |
| 28:59 | 60hz 40fps · first_building Monastery |
| 29:05 | The Dude#3043 · first_building Siege Workshop |
| 29:40 | Yannis · first_building Monastery |
| 30:30 | Kloxy · first_building Siege Workshop |
| 30:55 | Yannis · first_building Castle |
| 31:08 | Benja000076638 · wall_segment Stone Wall x1 |
| 31:14 | Tuấn Anh · wall_segment Stone Wall x4 |
| 31:21 | Benja000076638 · wall_segment Stone Wall x9 |
| 31:37 | diegoortiz55 · age_up castle |
| 31:43 | 60hz 40fps · wall_segment Palisade Wall x4 |
| 31:50 | 60hz 40fps · wall_segment Palisade Wall x5 |
| 31:59 | diegoortiz55 · first_building Siege Workshop |
| 32:00 | Tuấn Anh · wall_segment Stone Wall x25 |
| 32:22 | diegoortiz55 · first_market_sell 100 wood |
| 32:43 | diegoortiz55 · first_building Castle |
| 34:02 | diegoortiz55 · wall_segment Stone Wall x12 |
| 34:08 | Yannis · age_up imperial |
| 34:19 | Benja000076638 · wall_segment Stone Wall x8 |
| 34:26 | Benja000076638 · wall_segment Stone Wall x8 |
| 34:57 | Tuấn Anh · first_market_sell 100 food |
| 36:14 | Yannis · first_building Siege Workshop |
| 36:21 | Kloxy · age_up imperial |
| 37:13 | Benja000076638 · wall_segment Stone Wall x13 |
| 37:50 | Yannis · first_market_sell 100 wood |
| 38:10 | Benja000076638 · first_building Monastery |
| 38:29 | Manhole · age_up feudal |
| 38:39 | Tuấn Anh · age_up imperial |
| 39:03 | Yannis · wall_segment Stone Wall x8 |
| 39:33 | Manhole · resign |
| 42:05 | Yannis · wall_segment Stone Wall x15 |
| 46:28 | 60hz 40fps · age_up imperial |
| 48:02 | diegoortiz55 · age_up imperial |
[ AI ANALYSIS · 1 CREDIT ]
What really happened in this match?
Wolo.gg analyzes every decision: build order, eco, micro, common mistakes by bracket. Personalized analysis on WhatsApp or Discord in 30 seconds.
Civ guide
Portuguese
Perfil
Jugador #4241370